 Dungeon Crawl Stone Soup version 0.27.1-3-gb3d3a73c9e (webtiles) character file.

Game seed: 13336091834014629803

62 Turgor the Sneak (level 3, -4/24 HPs)
             Began as a Vampire Enchanter on Oct 25, 2021.
             Slain by a goblin (5 damage)
             ... led by Robin
             ... on level 2 of the Dungeon.
             The game lasted 00:14:08 (1322 turns).

Turgor the Sneak (Vampire Enchanter)                Turns: 1322, Time: 00:14:09

Health: -4/24      AC:  3    Str:  7    XL:     3   Next: 85%
Magic:  1/6        EV: 12    Int: 18    God:
Gold:   105        SH:  0    Dex: 14    Spells: 0/6 levels left

rFire    . . .     SeeInvis +   a - +1 dagger
rCold    . . .     Faith    .   (no shield)
rNeg     . . .     Spirit   .   b - +1 robe
rPois    .         Reflect  .   (no helmet)
rElec    .         Harm     .   (no cloak)
rCorr    .         Rampage  .   (no gloves)
Will     .....                  (no boots)
Stlth    +++.......             (no amulet)
HPRegen  0.28/turn              (no ring)
MPRegen  0.10/turn              (no ring)

@: healing quickly
A: alive, fangs 3, see invisible, vampiric 2
a: Exsanguinate


You were on level 2 of the Dungeon.
You visited 1 branch of the dungeon, and saw 2 of its levels.

You collected 105 gold pieces.

Inventory:

Hand Weapons
 a - a +1 dagger (weapon)
Missiles
 e - 18 stones (quivered)
Armour
 b - a +1 robe (worn)
Potions
 d - a potion of brilliance {unknown}
 f - a potion of might {unknown}
 g - a potion of lignification {unknown}


   Skills:
 + Level 2.1 Short Blades
 + Level 2.8 Dodging
 + Level 5.1 Stealth
 + Level 2.4 Spellcasting
 + Level 5.0 Hexes


You couldn't memorise any spells.
You knew the following spells:

 Your Spells              Type           Power      Damage    Failure   Level
a - Corona                Hex            22%        N/A       2%          1
b - Confusing Touch       Hex            20%        N/A       7%          3
c - Ensorcelled Hibernat  Hex/Ice        22%        N/A       10%         2

Your spell library contained the following spells:

 Spells                   Type           Power      Damage    Failure   Level
 Tukima's Dance           Hex            20%        N/A       7%          3
 Dazzling Flash           Conj/Hex       22%        N/A       19%         3


Dungeon Overview and Level Annotations

Branches:
Dungeon (2/15)

Altars:

Annotations:
D:2 Robin


Innate Abilities, Weirdness & Mutations

Your natural rate of healing is accelerated.
You have razor-sharp teeth.
You have supernaturally acute eyesight. (SInv)
You are afflicted with vampirism and can become a bat while bloodless.


Message History

The goblin is severely wounded.
The goblin barely misses you. Robin misses you.
You hit the goblin.
The goblin is severely wounded.
Robin barely misses you. The goblin hits you but does no damage.
You hit the goblin.
You kill the goblin!
Robin completely misses you. Robin closely misses you.
You hit Robin.
Robin is lightly wounded.
Robin hits you with a +1 vorpal spear.
You barely miss Robin.
Robin is lightly wounded.
Robin hits you with a +1 vorpal spear.
* * * LOW HITPOINT WARNING * * *
You hit Robin.
Robin is moderately wounded.
Robin barely misses you.
You barely miss Robin.
Robin is moderately wounded.
You barely miss Robin.
Robin is moderately wounded.
Robin closely misses you.
You hit Robin but do no damage.
Robin is moderately wounded.
Robin completely misses you.
You barely miss Robin.
Robin is moderately wounded.
Robin hits you with a +1 vorpal spear.
* * * LOW HITPOINT WARNING * * *
x2 The hobgoblin shouts!
You hit Robin.
Robin is heavily wounded.
Robin hits you with a +1 vorpal spear.
* * * LOW HITPOINT WARNING * * *
x2 You barely miss Robin.
Robin is heavily wounded.
The goblin seems less confused.
The goblin hits you with a +0 club.
You die...

#.......# #...<...# ##
#.......# #. #.....†.# #)
##########.......# #≈
........##.......# #≈
........####.#.### #≈
........####.#)# #.
###....g@g...#)#########.
##..!......g.....g...#g
#........##..(......#.
#........#####(.......
#........# ##(#####†
#..##..#### #.(# #. ...#
...# #...###. #.. .....
#.#....# ..####..


You could see Robin, a hobgoblin and a goblin (strong).

Vanquished Creatures
  An adder (D:2)
  4 ball pythons (D:1)
  9 endoplasms
  3 giant cockroaches (D:1)
  7 goblins
  5 hobgoblins
  3 jackals (D:1)
  A quokka (D:1)
  5 bats
  2 frilled lizards (D:1)
  A kobold (D:1)
  4 rats
45 creatures vanquished.

Notes
Turn   | Place    | Note
-------+----------+-------------------------------------------
     0 | D:1      | Turgor the Vampire Enchanter began the quest for the Orb.
     0 | D:1      | Reached XP level 1. HP: 13/13 MP: 3/3
   251 | D:1      | Reached XP level 2. HP: 18/19 MP: 1/5
   741 | D:1      | Gained mutation: You are afflicted with vampirism and can
                  | become a bat while bloodless. [Vampire growth]
   741 | D:1      | Reached XP level 3. HP: 24/24 MP: 6/6
   820 | D:1      | Learned a level 3 spell: Confusing Touch
   823 | D:1      | Learned a level 2 spell: Ensorcelled Hibernation
  1046 | D:2      | Noticed Robin
  1118 | D:2      | Reached skill level 5 in Stealth
  1121 | D:2      | Found a faded altar of an unknown god.
  1229 | D:2      | Reached skill level 5 in Hexes
  1321 | D:2      | HP: 1/24 [Robin (1)]
  1322 | D:2      | Slain by a goblin

Illustrated notes

Levels and vault maps discovered:
D:1:      saegor_arrival_simple_c, layout_rooms,
          wander_ebering_terrifying_dragon_lair
D:2:      layout_rooms, chequers_ecumenical_altar_island, uniq_robin

Skill      XL: |  1  2  3 |
---------------+----------+-----
Short Blades   | 2 |  2.1
Stealth        | 5 |  5.1
Hexes          | 5 |  5.0
Dodging        | |  2.8
Spellcasting   | |  2.4

Action                   || total
-------------------------++-------
Melee: Dagger            ||   204
       Bite              ||     8
Throw: Stone             ||     6
 Cast: Corona            ||    15
       Confusing Touch   ||     4
  Use: Scroll            ||     2
 Stab: Sleeping          ||     7
       Confused          ||     1
Armor: Robe              ||    32
Dodge: Dodged            ||   129
